AoeStats
← GABRIEL MOTTA

Arena

507825432Analyzed
2v2 RM · 12d ago on Sep 19, 2026· 59m 3s· 4 players
Game mode
Random Map
Map size
Medium (4 player)
Population
200
Speed
Normal
Resources
Standard
Victory
Conquest
Starting age
Dark Age
Ending age
Imperial Age
RankedLock teamsTeams togetherTeam positionsShared explorationLock speedFull tech treeHidden civsTurbo modeCheats
Victory
Defeat
🇹🇷 Burgundians · Türkiye
473
+15
🇹🇷 Turks · Türkiye
424
+17
🇮🇹 Portuguese · Italy
460
-16
🇧🇷 Persians · Brazil
442
-16
GABRIEL MOTTA
3:18 Loom
12:51 Feudal Age
16:43 Wheelbarrow
15:55 Town Watch
16:13 Double-Bit Axe
17:03 Gold Mining
17:03 Stone Mining
27:33 Castle Age
26:33 Horse Collar
27:51 Padded Archer Armor
27:44 Fletching
28:06 Forging
28:06 Scale Barding Armor
28:04 Scale Mail Armor
30:17 Hand Cart
30:41 Leather Archer Armor
31:01 Iron Casting
30:49 Bow Saw
30:43 Heavy Plow
31:09 Squires
30:54 Elite Skirmisher
32:02 Town Patrol
34:17 Kamandaran
34:41 Thumb Ring
33:56 Crossbowman
35:49 Stone Shaft Mining
35:55 Gold Shaft Mining
38:01 Stone Shaft Mining
38:43 Husbandry
39:15 Chain Barding Armor
38:52 Bodkin Arrow
43:11 Imperial Age
43:32 Capped Ram
45:43 Blast Furnace
46:57 Hoardings
45:59 Sappers
47:05 Hoardings
inno
0:49 Loom
12:45 Feudal Age
14:04 Wheelbarrow
13:18 Double-Bit Axe
13:19 Horse Collar
15:27 Gold Mining
15:31 Stone Mining
21:54 Castle Age
22:57 Hand Cart
22:57 Bow Saw
22:51 Heavy Plow
24:52 Stone Shaft Mining
24:48 Town Watch
27:53 Pikeman
28:22 Arson
28:25 Gambesons
29:01 Forging
28:52 Scale Mail Armor
28:43 Fletching
29:38 Scale Barding Armor
31:56 Caravan
32:27 Coinage
33:30 Husbandry
33:43 Bloodlines
33:03 Elite Skirmisher
40:08 Imperial Age
38:02 Thumb Ring
39:17 Masonry
38:48 Treadmill Crane
39:30 Ballistics
40:57 Town Patrol
44:29 Two-Man Saw
45:11 Iron Casting
44:53 Chain Mail Armor
45:41 Chain Barding Armor
45:30 Bodkin Arrow
45:52 Padded Archer Armor
47:27 Crop Rotation
46:30 Halberdier
47:05 Cavalier
51:20 Chemistry
50:53 Architecture
52:02 Siege Engineers
51:53 Murder Holes
52:09 Fortified Wall
55:55 Blast Furnace
55:27 Plate Mail Armor
56:11 Plate Barding Armor
55:54 Leather Archer Armor
56:14 Bracer
59:26 Ring Archer Armor
59:31 Conscription
omermelik_92
0:28 Loom
10:59 Feudal Age
12:21 Wheelbarrow
11:37 Double-Bit Axe
11:48 Gold Mining
14:09 Stone Mining
14:02 Horse Collar
23:22 Castle Age
21:48 Scale Barding Armor
21:54 Forging
21:58 Padded Archer Armor
23:24 Bloodlines
26:11 Hand Cart
27:18 Chain Barding Armor
27:34 Iron Casting
27:18 Bow Saw
30:41 Ballistics
31:01 Town Watch
33:28 Gold Shaft Mining
33:16 Town Patrol
33:40 Leather Archer Armor
36:56 Imperial Age
35:16 Masonry
38:18 Ring Archer Armor
38:24 Architecture
45:42 Hoardings
45:09 Artillery
44:30 Elite Janissary
45:31 Sipahi
45:32 Conscription
47:49 Husbandry
50:02 Arrowslits
50:29 Fortified Wall
50:01 Treadmill Crane
51:01 Plate Barding Armor
50:27 Scale Mail Armor
51:27 Blast Furnace
50:18 Fletching
Yangabozz
7:03 Horse Collar
8:09 Wheelbarrow
11:19 Double-Bit Axe
13:49 Feudal Age
12:06 Loom
16:54 Heavy Plow
18:32 Arson
19:32 Bow Saw
25:39 Castle Age
24:39 Hand Cart
24:38 Gold Mining
24:42 Stone Mining
25:34 Town Watch
28:44 Two-Man Saw
28:19 Crop Rotation
30:41 Town Patrol
36:34 Imperial Age
36:18 Squires
35:39 Pikeman
35:42 Light Cavalry
36:22 Husbandry
36:49 Ballistics
37:23 Burgundian Vineyards
38:43 Husbandry
40:37 Chemistry
39:46 Hussar
39:49 Elite Skirmisher
42:12 Scale Barding Armor
42:08 Scale Mail Armor
42:18 Forging
48:43 Chain Mail Armor
49:03 Iron Casting
48:21 Fletching
48:31 Padded Archer Armor
49:13 Gold Shaft Mining
55:57 Treadmill Crane
56:27 Masonry
56:38 Bombard Tower
56:14 Murder Holes
56:29 Fortified Wall
56:05 Arrowslits
57:23 Blast Furnace
56:53 Plate Mail Armor
56:44 Chain Barding Armor
56:39 Leather Archer Armor
56:20 Bodkin Arrow
55:49 Halberdier
56:47 Elite Coustillier
Connection lost

Rejoining the realm…

Still unreachable

The connection could not be restored.

Session expired

The server has moved on; the page needs a fresh start.